 Dungeon Crawl Stone Soup version 0.31-a0-516-gfcb59812bd (webtiles) character file.

Game seed: 8459032648035325327

375 GordonOverkill the Sneak (level 6, -1/32 HPs)
             Began as a Vine Stalker Delver on Aug 10, 2023.
             Slain by a gnoll sergeant
             ... wielding a +6 antimagic spear
              (7 damage)
             ... on level 5 of the Dungeon.
             The game lasted 00:08:43 (3437 turns).

GordonOverkill the Sneak (Vine Stalker Delver)      Turns: 3437, Time: 00:08:44

Health: -1/32      AC:  4    Str: 14    XL:     6   Next: 72%
Magic:  0/12       EV: 12    Int: 18    God:
Gold:   297        SH:  0    Dex: 16    Spells: 7/11 levels left

rFire   . . .        a - +0 hand axe
rCold   + . .        (no shield)
rNeg    . . .        l - +0 robe
rPois   .            (no helmet)
rElec   .            i - +0 cloak
rCorr   .            C - +0 pair of gloves
SInv    .            (no boots)
Will    .....        e - amulet of magic regeneration
Stlth   +++          k - +6 ring of intelligence
HPRegen 1.05/turn    B - ring of protection from cold
MPRegen 0.53/turn

%: guardian spirit
@: no status effects
A: fangs 2, regeneration 1, magic shield, antimagic bite, no potion heal 2
a: no special abilities


You were on level 5 of the Dungeon.
You visited 1 branch of the dungeon, and saw 6 of its levels.

You collected 297 gold pieces.

Inventory:

Hand Weapons
 a - a +0 hand axe (weapon)
Armour
 i - a +0 cloak (worn)
 l - a +0 robe (worn)
 n - a scarf of invisibility
 C - a +0 pair of gloves (worn)
Magical Staves
 w - a staff of poison
Jewellery
 e - an amulet of magic regeneration (around neck)
 k - a +6 ring of intelligence (left hand)
 s - a ring of resist corrosion
 B - a ring of protection from cold (right hand)
Wands
 g - a wand of digging (3)
 v - a wand of mindburst (12)
 x - a wand of roots (14)
Scrolls
 c - a scroll of fog
 d - a scroll of revelation
 j - 2 scrolls of enchant armour {unknown}
 o - 3 scrolls of poison {unknown}
 q - a scroll of amnesia {unknown}
 r - 2 scrolls of teleportation {unknown}
 y - a scroll of noise {unknown}
Potions
 f - a potion of haste
 m - a potion of resistance
 p - 5 potions of curing
 t - 2 potions of mutation {unknown}
 z - a potion of might
 A - a potion of magic


   Skills:
 - Level 2.6 Fighting
 - Level 2.0 Axes
 - Level 1.5 Dodging
 - Level 6.0 Stealth
 + Level 3.4 Spellcasting
 + Level 3.3 Ice Magic
 + Level 3.3 Evocations


You had 7 spell levels left.
You knew the following spells:

 Your Spells              Type           Power      Damage    Failure   Level
a - Freeze                Ice            60%        1d7       4%          1
b - Frozen Ramparts       Ice            30%        1d5       12%         3

Your spell library contained the following spells:

 Spells                   Type           Power      Damage    Failure   Level
 Blink                    Tloc           6%         N/A       24%         2
 Cigotuvi's Dreadful Rot  Necr/Pois/Air  6%         N/A       24%         2
 Lesser Beckoning         Tloc           6%         N/A       24%         2
 Momentum Strike          Conj/Tloc      6%         3d8       24%         2
 Hailstorm                Conj/Ice       9%         3d4       24%         3
 Ignite Poison            Fire/Tmut/Pois 3%         N/A       43%         3
 Inner Flame              Hex/Fire       3%         N/A       43%         3
 Freezing Cloud           Conj/Ice/Air   3%         6-21      95%         5
 Yara's Violent Unravell  Hex/Tmut       1%         3d3       99%         5
 Enfeeble                 Hex            1%         N/A       100%        7


Dungeon Overview and Level Annotations

Branches:
Dungeon (6/15)
 Temple: D:4-7

Altars:
Ashenzari
Dithmenos
Fedhas
Kikubaaqudgha
Ru
Xom
The Shining One

Annotations:
D:4 Dowan, Duvessa


Innate Abilities, Weirdness & Mutations

You have extremely sharp teeth.
Your natural rate of healing is unusually fast.
When hurt, damage is shared between your health and your magic reserves.
Your bite disrupts and absorbs the magic of your enemies.
Potions cannot restore your health.


Message History

You open the door.
There is an open door here.
You hear a distant slurping noise.
A gnoll sergeant and 3 gnolls come into view.
The gnoll sergeant is wielding a +6 antimagic spear.
Found 10 gold pieces and a tapered fluorescent wand.
The gnoll sergeant shouts!
The gnoll shouts! x2; You hear a shout! x2
The gnoll hits you with a +0 club.
Casting: Freeze (safe; 4% risk of failure)
Confirm with . or Enter, or press ? or * to list all spells.
Aiming: Freeze (safe; 4% risk of failure)
Press: ? - help, Shift-Dir - straight line, f - gnoll
Aim: a gnoll, wielding a +0 club You freeze the gnoll!
The gnoll is heavily wounded.
The gnoll barely misses you.
The gnoll sergeant hits you from afar with a +6 antimagic spear.
You feel your power leaking away.
Casting: Freeze (safe; 4% risk of failure)
Confirm with . or Enter, or press ? or * to list all spells.
Aiming: Freeze (safe; 4% risk of failure)
Press: ? - help, Shift-Dir - straight line, f/p - gnoll
Aim: a gnoll, wielding a +0 club (heavily wounded)
You freeze the gnoll.
The gnoll is almost dead.
The gnoll hits you but does no damage.
The gnoll sergeant hits you from afar with a +6 antimagic spear!
* * * LOW HITPOINT WARNING * * *
You feel your power leaking away.
Casting: Freeze (safe; 4% risk of failure)
Confirm with . or Enter, or press ? or * to list all spells.
You don't have enough magic to cast this spell.
Unknown command.
You hit the gnoll.
You kill the gnoll!
A gnoll comes into view. It is wielding a +0 whip.
The gnoll sergeant hits you from afar with a +6 antimagic spear!
* * * LOW HITPOINT WARNING * * *
The gnoll sergeant hits you from afar with a +6 antimagic spear!
You die...

# #......#
.#.....#.#.#.
# #......#
#.....###[#.
##########'###
#.............
.............#
###
###########.#.
##########.#.#


#gg ... ...# #.#.# #g# ##.# #.#.# #g# #.#.# #)# #.#.# #@# ..#.###.######
###............ #####.####### #.# #.# #$# #.# ..# You could see a gnoll sergeant
and 3 gnolls.

Vanquished Creatures
  Edmund (D:4)
  A scorpion (D:4)
  A hound (D:4)
  Terence (D:2)
  A gnoll bouda (D:4)
  A gnoll (D:5)
  An adder (D:3)
  A white imp (D:4)
  3 worms
  5 dart slugs
  5 orcs
  11 ball pythons
  6 bats
  5 endoplasms
  2 giant cockroaches
  8 goblins
  6 hobgoblins
  5 jackals
  4 quokkas
  4 frilled lizards
  6 kobolds
  9 rats
87 creatures vanquished.

Vanquished Creatures (others)
  A human (D:3)
1 creature vanquished.

Grand Total: 88 creatures vanquished

Notes
Turn   | Place    | Note
-------+----------+-------------------------------------------
     0 | D:5      | GordonOverkill the Vine Stalker Delver began the quest for
                  | the Orb.
     0 | D:5      | Reached XP level 1. HP: 11/11 MP: 2/2
     2 | D:6      | Noticed a sleepcap
   117 | D:4      | Noticed a gnoll bouda
   163 | D:6      | Noticed a centaur
   217 | D:5      | Noticed a water moccasin
   251 | D:5      | Noticed an ice beast
   262 | D:5      | Noticed a centaur
   264 | D:5      | Noticed a killer bee
   264 | D:5      | Noticed a jelly
   276 | D:5      | Noticed a killer bee
   365 | D:4      | Noticed Dowan
   401 | D:4      | Found a glowing golden altar of the Shining One.
   430 | D:4      | Found a blossoming altar of Fedhas.
   473 | D:4      | Noticed Duvessa
   578 | D:2      | Reached skill level 1 in Evocations
   578 | D:2      | Reached XP level 2. HP: 10/16 MP: 1/3
   581 | D:2      | Learned a level 1 spell: Freeze
   803 | D:1      | Reached XP level 3. HP: 18/19 MP: 5/5
   836 | D:1      | Reached skill level 1 in Spellcasting
   954 | D:1      | Reached skill level 1 in Ice Magic
  1299 | D:2      | Found a faded altar of an unknown god.
  1338 | D:2      | Noticed Terence
  1354 | D:2      | Killed Terence
  1355 | D:2      | Gained mutation: Your natural rate of healing is unusually
                  | fast. [Vine Stalker growth]
  1355 | D:2      | Reached XP level 4. HP: 20/23 MP: 2/7
  2022 | D:3      | Found an ancient bone altar of Kikubaaqudgha.
  2029 | D:3      | Noticed a human
  2030 | D:3      | Killed a human
  2106 | D:3      | Found a sacrificial altar of Ru.
  2170 | D:3      | Found a broken altar of Ashenzari.
  2291 | D:3      | Reached XP level 5. HP: 19/27 MP: 2/9
  2405 | D:3      | Learned a level 3 spell: Frozen Ramparts
  2814 | D:3      | Found a shadowy altar of Dithmenos.
  2850 | D:4      | Noticed Edmund
  2855 | D:4      | Killed Edmund
  2856 | D:4      | Reached XP level 6. HP: 32/32 MP: 9/11
  3076 | D:4      | Found a shimmering altar of Xom.
  3437 | D:5      | Slain by a gnoll sergeant

Illustrated notes

Levels and vault maps discovered:
D:1:      noname_arrival_rooms_in_the_neighbourhood, layout_rooms
D:2:      layout_loops_corners, shapermc_ecumenical_altar_gd, uniq_terence
D:3:      layout_rooms, nicolae_overflow_hidden_temple,
          nicolae_ru_great_annihilating_truth, tgw_kikubaaqudgha,
          marbit_many_paths, serial_glass, glass_columns_c, glass_columns_a,
          glass_columns_a, glass_columns_a, glass_columns_a, glass_columns_b,
          minmay_randomly_rotated_circles
D:4:      layout_basic, lemuel_tele_altar, mainiacjoe_overflow_two_lobes,
          minmay_strange_pillars, chequers_hall_statues_corner_a,
          ebering_dispersal_statue_hall, grunt_ministairs_14, minivault_19,
          minmay_cupped, uniq_duvessa, uniq_edmund
D:5:      layout_basic, gammafunk_ghost_hive
D:6:      layout_basic, minmay_temple_entry_mini_moons, serial_shops,
          nicolae_shop_bloodbath_and_beyond, hangedman_decor_riveting

Skill      XL: |  1  2  3  4  5  6 |
---------------+-------------------+-----
Axes           | 2 |  2.0
Evocations     | 1 2 3 |  3.3
Spellcasting   | 1 2 3 |  3.4
Ice Magic      | 1 2 3 |  3.3
Fighting       | |  2.6
Dodging        | |  1.5
Stealth        | |  6.0

Action                     |  1- 3 |  4- 6 || total
---------------------------+-------+-------++-------
  Melee: Hand axe          |    77 |    26 ||   103
         Bite              |    18 |    11 ||    29
         Punch             |     1 |       ||     1
   Cast: Freeze            |     6 |    75 ||    81
  Evoke: Wand              |       |     4 ||     4
    Use: Scroll            |     3 |     3 ||     6
   Stab: Sleeping          |     9 |     4 ||    13
         Distracted        |       |     1 ||     1
 Armour: Leather armour    |    16 |     1 ||    17
         Robe              |       |    16 ||    16
  Dodge: Dodged            |    60 |    53 ||   113

Table legend: (Time is in decaauts)
 A = Elapsed time spent in this place.
 B = Non-inter-level travel time spent in this place.
 C = Inter-level travel time spent in this place.
 D = Time resting spent in this place.
 E = Time spent auto-exploring this place.
 F = Levels seen in this place.
 G = Mean time per level.
                   A        B        C        D        E       F      G
               +--------+--------+--------+--------+--------+-----+--------+
         Total |   3457 |   3259 |    198 |    274 |   1918 |   6 |  576.2 |
       Dungeon |   3457 |   3259 |    198 |    274 |   1918 |   6 |  576.2 |
               +--------+--------+--------+--------+--------+-----+--------+

Top non-repeatable levels by time:
     D:2: 957 daAuts
     D:3: 863 daAuts
     D:4: 787 daAuts
     D:1: 504 daAuts
     D:5: 308 daAuts
     D:6: 35 daAuts
